 Dungeon Crawl Stone Soup version 0.31-a0-1338-gb567cfdca4 (webtiles) character file.

Game seed: 11673316932948844927

98560 jestert79 the Markskobold (level 16, -3/107 HPs)
             Began as a Kobold Hunter on Dec 22, 2023.
             Was the Champion of Nemelex Xobeh.
             Killed from afar by a deep elf pyromancer (18 damage)
             ... with a bolt of fire
             ... on level 13 of the Dungeon.
             The game lasted 01:45:04 (25368 turns).

jestert79 the Markskobold (Kobold Hunter)          Turns: 25368, Time: 01:45:04

Health: -3/107     AC: 20    Str:  9    XL:     16   Next: 73%
Magic:  27/27      EV: 28    Int: 13    God:    Nemelex Xobeh [******]
Gold:   1731       SH:  0    Dex: 23    Spells: 13/15 levels left

rFire   . . .        a - +9 arbalest (drain)
rCold   . . .        (shield currently unavailable)
rNeg    . . .        M - +3 leather armour
rPois   .            o - +2 helmet
rElec   .            B - +2 cloak
rCorr   .            (no gloves)
SInv    .            i - +2 pair of boots
Will    ++...        D - amulet of the acrobat
Stlth   +++++++      U - ring of willpower
HPRegen 0.37/turn    W - +4 ring of protection
MPRegen 0.20/turn

%: acrobat
@: studying Stealth
A: small, no large weapons, nightstalker 3
a: Renounce Religion, Draw Escape, Draw Destruction, Draw Summoning, Triple
Draw, Deal Four, Stack Five


You were on level 13 of the Dungeon.
You worshipped Nemelex Xobeh.
Nemelex Xobeh was exalted by your worship.
You visited 3 branches of the dungeon, and saw 20 of its levels.
You also visited: Sewer, Ossuary, Bailey and Volcano.

You collected 1991 gold pieces.
You spent 260 gold pieces at shops.

Inventory:

Hand Weapons
 a - a +9 arbalest of draining (weapon)
 b - the +11 whip of the Gnat {venom, Int+3 Dex+2}
   (You found it on level 6 of the Dungeon)

   Int+3:     It affects your intelligence (+3).
   Dex+2:     It affects your dexterity (+2).
Missiles
 h - 5 darts of dispersal
 n - 11 curare-tipped darts
 p - 22 poisoned darts
 G - 3 throwing nets
Armour
 c - the +1 cloak of Jocrev {rF- rC++}
   (You acquired it on level 9 of the Dungeon)

   rF-:       It makes you vulnerable to fire.
   rC++:      It greatly protects you from cold.
 i - a +2 pair of boots (worn)
 o - a +2 helmet (worn)
 B - a +2 cloak (worn)
 M - a +3 leather armour (worn)
Jewellery
 f - a ring of ice
 k - a ring of protection from cold
 l - a +6 ring of intelligence
 x - an amulet of guardian spirit
 y - a ring of wizardry
 D - an amulet of the acrobat (around neck)
 E - an amulet of reflection
 S - a ring of flight
 U - a ring of willpower (left hand)
 W - a +4 ring of protection (right hand)
Wands
 r - a wand of charming (42)
 H - a wand of polymorph (8)
 K - a wand of mindburst (6)
 N - a wand of quicksilver (5)
 Q - a wand of roots (12)
 X - a wand of flame (21)
Scrolls
 g - 5 scrolls of teleportation
 m - 2 scrolls of enchant weapon
 I - 2 scrolls of amnesia
 J - 2 scrolls of enchant armour
 R - 3 scrolls of identify
 T - 3 scrolls of fog
 V - a scroll of brand weapon
 Y - a scroll of poison
 Z - a scroll of immolation
Potions
 d - 5 potions of heal wounds
 e - 4 potions of curing
 j - 4 potions of attraction
 s - 3 potions of mutation
 t - 4 potions of enlightenment
 u - 10 potions of invisibility
 v - a potion of lignification
 z - 4 potions of resistance
 A - 9 potions of brilliance
 C - 3 potions of might
 F - 14 potions of ambrosia
 L - 4 potions of haste
 O - a potion of cancellation
 P - 2 potions of magic


   Skills:
 + Level 14.9 Fighting
 - Level 18.0 Ranged Weapons
 - Level 4.0 Armour
 + Level 16.0 Dodging
 + Level 12.9 Stealth
 - Level 3.1 Earth Magic
 - Level 3.0 Alchemy
 + Level 15.5 Invocations


You had 13 spell levels left.
You knew the following spells:

 Your Spells              Type           Power      Damage    Failure   Level
a - Passwall              Alch/Erth      6%         N/A       19%         2

Your spell library contained the following spells:

 Spells                   Type           Power      Damage    Failure   Level
 Sandblast                Erth           16%        2d6       12%         1
 Necrotise                Necr           0%         1d4       38%         1
 Cigotuvi's Dreadful Rot  Necr/Alch/Air  4%         N/A       38%         2
 Lesser Beckoning         Tloc           0%         N/A       54%         2
 Scorch                   Fire           0%         2d5       54%         2
 Stone Arrow              Conj/Erth      8%         3d7       56%         3
 Fugue of the Fallen      Necr           0%         N/A       77%         3
 Gell's Gravitas          Tloc           0%         N/A       77%         3
 Hailstorm                Conj/Ice       0%         3d5       77%         3
 Ozocubu's Armour         Ice            0%         N/A       77%         3
 Teleport Other           Tloc           0%         N/A       77%         3
 Vampiric Draining        Necr           0%         2d6       77%         3
 Brom's Barrelling Bould  Conj/Erth      4%         2d3       92%         4
 Dispel Undead            Necr           0%         3d6       99%         4
 Flame Wave               Conj/Fire      0%         2d4       99%         4
 Manifold Assault         Tloc           0%         N/A       99%         4
 Agony                    Necr           0%         N/A       100%        5
 Death Channel            Necr           0%         N/A       100%        6
 Dispersal                Tloc           0%         N/A       100%        6
 Starburst                Conj/Fire      0%         6d3       100%        6
 Summon Cactus Giant      Summ           0%         N/A       100%        6
 Spellforged Servitor     Conj/Summ      0%         N/A       100%        7


Dungeon Overview and Level Annotations

Branches:
Dungeon (13/15)            Temple (0/1) D:5            Lair (5/5) D:11
 Shoals (0/4) Lair:2       Spider (0/4) Lair:3        Slime (0/5) Lair:5
    Orc (2/2) D:11            Elf (0/3) Orc:2        Vaults (0/5) D:13
  Sewer (visited)         Ossuary (visited)          Bailey (visited)
Volcano (visited)

Altars:
Gozag
Hepliaklqana
Nemelex Xobeh
Ru
Sif Muna
Trog
Uskayaw
Vehumet
Wu Jian
Xom
Yredelemnul
Zin
The Shining One
Jiyva

Shops:
D:3 (   Orc:2 [(!(

Portals:
Trove: D:11 (give 5 potions of resistance)

Annotations:
D:9 2 transporters
Lair:3 1 runed translucent door, Pokonic1's ghost, journeyman OnBe
Lair:4 2 transporters


Innate Abilities, Weirdness & Mutations

You are small and have problems with some larger weapons.
You are completely attuned to the shadows.


Message History

* * * LOW HITPOINT WARNING * * *
The fire elemental barely misses you.
The fire elemental completely misses you.
You shoot a bolt. The bolt hits the fire elemental.
The fire elemental is lightly damaged.
The liquid fire burns you!
* * * LOW HITPOINT WARNING * * *
The fire elemental misses you.
Unknown command.
You feel much better. The liquid fire burns you!
* * * LOW HITPOINT WARNING * * *
The fire elemental misses you. The fire elemental closely misses you.
Unknown command.
You feel much better. The liquid fire burns you!
* * * LOW HITPOINT WARNING * * *
The fire elemental hits you. The fire elemental burns you!
* * * LOW HITPOINT WARNING * * *
Unknown command.
Unknown command.
As you read the scroll of butterflies, it crumbles to dust.
You hear the flapping of tiny wings.
The deep elf pyromancer is knocked back by the sudden gust.
The fire elemental is knocked back by the sudden gust.
The liquid fire burns you!
* * * LOW HITPOINT WARNING * * *
Unknown command.
Unknown command.
You feel much better. The fire elemental closely misses you.
The deep elf pyromancer points at you and mumbles some strange words.
The bolt of fire hits your butterfly!!
Your butterfly dies!
Your butterfly disappears in a burst of colours!
The bolt of fire hits your butterfly!!
Your butterfly dies!
Your butterfly disappears in a burst of colours!
The bolt of fire hits you!!
You die...
Your body glows with a rainbow of weird colours and disappears. .....# #..............# .....# #..#'#########.# #'#### ## #..##### #.# #.# #......+ #.# #.## ##.##### #.# #..# #.# b#.# ##.## #b#####bb#.# #..# #bbbEbbbb#.#

##.######.
#bbb@).eb#.##
#........###########..#
##.([)................#
##...................#
#.......#.###########
#.......#.###########
###..####.##........#
##.####.##.######.#
#####......##.#....#.#


You could see a deep elf pyromancer (drained, ally target) and a fire elemental
(summoned, ally target).

Vanquished Creatures
  2 fire dragons
  An entropy weaver (D:13)
  A vault guard (D:13)
  2 catoblepae
  6 hydras
  2 ogre magi
  Erica (D:8)
  16 two-headed ogres
  4 boulder beetles
  9 death yaks
  A tengu warrior (D:10)
  3 orc high priests (Orc:2)
  A shock serpent (D:11)
  A hell knight (Volcano)
  A fire crab (D:11)
  3 skysharks
  A swamp dragon (Lair:5)
  Pikel (D:5)
  A deep elf pyromancer (D:13)
  A deep elf zephyrmancer (D:13)
  6 orc knights
  5 orc sorcerers
  2 cyclopes
  Maurice (D:9)
  A manticore (D:12)
  6 black mambas
  11 elephants
  A kobold blastminer (Orc:2)
  4 torpor snails (Lair:5)
  11 cane toads
  Maggie (D:7)
  An unseen horror (D:12)
  4 rime drakes
  4 komodo dragons
  A kobold demonologist (D:13)
  2 tengu conjurers (D:13)
  7 trolls
  A queen bee (Lair:3)
  A guardian mummy (D:11)
  A polar bear (Lair:1)
  23 blink frogs
  9 hornets
  4 tyrant leeches (Lair:5)
  37 yaks
  3 fire bats (Orc:2)
  3 vampires
  4 wraiths
  6 wyverns
  3 basilisks
  A warg (D:11)
  2 steam dragons
  4 vampire mosquitoes
  A naga (D:11)
  2 acid dragons
  16 water moccasins
  28 orc warriors
  3 swamp drakes
  A hornet zombie (Ossuary)
  A sky beast (D:6)
  4 black bears
  4 ogres
  15 wolves
  5 centaurs
  3 phantoms
  2 lemures (D:5)
  3 kobold brigands
  2 elf zombies (D:8)
  13 bullfrogs
  An elf skeleton (D:8)
  3 water moccasin zombies (Ossuary)
  3 gnoll sergeants
  5 scorpions
  2 wights
  2 troll zombies (D:11)
  33 killer bees
  2 electric eels (Lair:2)
  4 howler monkeys
  5 centaur zombies (Ossuary)
  A gnoll bouda (D:6)
  9 bullfrog zombies (Ossuary)
  16 jellies
  Crazy Yiuf (D:6)
  23 orc priests
  8 iguanas
  Natasha (thrice) (D:3)
  20 orc wizards
  A sleepcap (D:6)
  2 hell rats (Lair:2)
  A killer bee zombie (Ossuary)
  5 ogre zombies (D:11)
  18 mummies (Ossuary)
  A howler monkey zombie (Ossuary)
  8 gnolls
  8 adders
  2 river rats (Sewer)
  A shadow imp (D:7)
  3 white imps
  3 bombardier beetles
  6 worms
  6 dart slugs
  82 orcs
  6 bats
  8 endoplasms
  7 giant cockroaches
  4 gnoll zombies (D:11)
  9 goblins
  9 hobgoblins
  4 jackals
  16 kobolds
  2 quokkas
  13 ball pythons
  2 frilled lizards (D:1)
  4 gnoll skeletons (D:11)
  4 orc skeletons
  15 orc zombies (D:11)
  7 rats
729 creatures vanquished.

Vanquished Creatures (collateral kills)
  Rupert (D:12)
  A frost giant (D:10)
  A rakshasa (D:10)
  Harold (D:10)
  A two-headed ogre (D:10)
  2 lindwurms (Lair:5)
  2 orc knights (Bailey)
  3 elephants (Lair:5)
  A torpor snail (Lair:5)
  An orc warrior (Bailey)
  A phantom (D:4)
  2 kobold brigands (Sewer)
  A jelly (Lair:5)
  4 hell rats (Lair:2)
  An orc (Bailey)
  An endoplasm (Lair:5)
  4 kobolds
28 creatures vanquished.

Vanquished Creatures (others)
  A rime drake (Lair:5)
  4 orcs (D:7)
  A ball python (Lair:3)
  An orc zombie (D:11)
7 creatures vanquished.

Grand Total: 764 creatures vanquished

Notes
Turn   | Place    | Note
-------+----------+-------------------------------------------
     0 | D:1      | jestert79 the Kobold Hunter began the quest for the Orb.
     0 | D:1      | Reached XP level 1. HP: 12/12 MP: 1/1
    91 | D:1      | Reached XP level 2. HP: 17/17 MP: 2/2
   335 | D:1      | Reached skill level 6 in Ranged Weapons
   358 | D:1      | Reached XP level 3. HP: 19/21 MP: 3/3
   756 | D:2      | Found a faded altar of an unknown god.
   778 | D:2      | Prayed at the altar of an unknown god.
   778 | D:2      | Became a worshipper of Nemelex Xobeh the Trickster
   778 | D:2      | Reached * piety under Nemelex Xobeh
   778 | D:2      | Received a gift from Nemelex Xobeh
   843 | D:2      | Reached XP level 4. HP: 16/26 MP: 4/4
  1178 | D:2      | Reached skill level 7 in Ranged Weapons
  1659 | D:3      | Received a gift from Nemelex Xobeh
  1662 | D:3      | Found a sparkling altar of Nemelex Xobeh.
  1790 | D:3      | Reached ** piety under Nemelex Xobeh
  2037 | D:3      | Found Guohauh's Weapon Emporium.
  2052 | D:3      | Received a gift from Nemelex Xobeh
  2084 | D:3      | Noticed Natasha
  2089 | D:3      | Killed Natasha
  2090 | D:3      | Reached XP level 5. HP: 30/30 MP: 5/5
  2512 | D:3      | Noticed Natasha
  2516 | D:3      | Killed Natasha
  2517 | D:3      | Reached skill level 8 in Ranged Weapons
  2615 | D:3      | Noticed Natasha
  2624 | D:3      | Killed Natasha
  2749 | D:4      | Found an ornate altar of the Wu Jian Council.
  2750 | D:4      | Found a hide-covered altar of Uskayaw.
  2751 | D:4      | Found a bloodstained altar of Trog.
  2777 | D:4      | Found an opulent altar of Gozag.
  2795 | D:4      | Reached XP level 6. HP: 35/35 MP: 6/6
  2844 | D:4      | Reached skill level 9 in Ranged Weapons
  2933 | D:4      | Received a gift from Nemelex Xobeh
  3024 | D:4      | Reached *** piety under Nemelex Xobeh
  3250 | D:4      | Reached skill level 1 in Invocations
  3250 | D:4      | Reached XP level 7. HP: 40/40 MP: 7/7
  3509 | D:4      | Found a radiant altar of Vehumet.
  3604 | D:4      | Found a shimmering altar of Xom.
  3607 | D:4      | Found a glowing silver altar of Zin.
  3685 | D:5      | Entered Level 5 of the Dungeon
  3763 | D:5      | Found a glowing drain.
  3774 | Sewer    | Entered a sewer
  3847 | Sewer    | Reached skill level 10 in Ranged Weapons
  3947 | Sewer    | Found a white marble altar of Elyvilon.
  4140 | D:5      | Found a staircase to the Ecumenical Temple.
  4154 | D:5      | Received a gift from Nemelex Xobeh
  4201 | D:5      | Found a sacrificial altar of Ru.
  4757 | D:5      | Noticed Pikel
  4767 | D:5      | Killed Pikel
  4768 | D:5      | Reached skill level 11 in Ranged Weapons
  4768 | D:5      | Reached XP level 8. HP: 23/48 MP: 10/10
  5061 | D:5      | Reached **** piety under Nemelex Xobeh
  5437 | D:6      | Reached skill level 1 in Armour
  5437 | D:6      | Reached skill level 5 in Dodging
  5437 | D:6      | Reached XP level 9. HP: 36/52 MP: 11/11
  5523 | D:6      | Learned a level 2 spell: Passwall
  5744 | D:6      | Reached skill level 12 in Ranged Weapons
  6031 | D:6      | Reached skill level 5 in Fighting
  6312 | D:6      | Identified the +11 whip of the Gnat {venom, Int+3 Dex+2}
  6340 | D:6      | Found a runed translucent door.
  6347 | D:6      | Noticed Crazy Yiuf
  6361 | D:6      | Killed Crazy Yiuf
  6614 | D:7      | Received a gift from Nemelex Xobeh
  6790 | D:7      | Reached skill level 1 in Earth Magic
  6790 | D:7      | Reached skill level 1 in Alchemy
  6849 | D:7      | Received a gift from Nemelex Xobeh
  6971 | D:7      | Reached XP level 10. HP: 51/60 MP: 12/12
  7185 | D:7      | Noticed Maggie
  7197 | D:7      | Killed Maggie
  7198 | D:7      | Reached skill level 13 in Ranged Weapons
  7420 | D:8      | Found a sand-covered staircase.
  7426 | Ossuary  | Entered an ossuary
  7805 | Ossuary  | Reached skill level 5 in Invocations
  8158 | D:8      | Found a basalt altar of Yredelemnul.
  8331 | D:8      | Noticed Erica
  8393 | D:8      | Killed Erica
  8394 | D:8      | Reached XP level 11. HP: 15/67 MP: 15/15
  8678 | D:8      | Received a gift from Nemelex Xobeh
  8833 | D:8      | Reached ***** piety under Nemelex Xobeh
  9291 | D:9      | Noticed a boulder beetle
  9294 | D:9      | Noticed Joseph
  9312 | D:9      | Joseph changed into Joseph the killer bee
  9312 | D:9      | Noticed Joseph
  9317 | D:8      | Killed Joseph the killer bee
  9408 | D:9      | Found a flagged portal.
  9422 | D:9      | Reached skill level 14 in Ranged Weapons
  9501 | Bailey   | Entered a bailey
  9732 | Bailey   | Noticed an orc knight
  9740 | Bailey   | Killed an orc knight
  9751 | Bailey   | Noticed an orc knight
  9756 | Bailey   | Killed an orc knight
  9777 | Bailey   | Reached skill level 16 in Ranged Weapons
  9777 | Bailey   | Reached XP level 12. HP: 74/74 MP: 19/19
  9965 | Bailey   | Acquired a manual of Stealth
  9972 | Bailey   | Acquired a +3 arbalest
 10434 | D:9      | Found a shimmering blue altar of Sif Muna.
 10470 | D:9      | Found a hazy altar of Hepliaklqana.
 10473 | D:9      | Noticed a skeletal warrior
 10500 | D:9      | Found a transporter.
 10595 | D:9      | Noticed Maurice
 10637 | D:8      | Reached skill level 10 in Invocations
 10731 | D:9      | Found a transporter.
 10749 | D:9      | Killed a boulder beetle
 10869 | D:9      | Killed Maurice
 11043 | D:9      | Found a glowing golden altar of the Shining One.
 11133 | D:9      | Acquired the +1 cloak of Jocrev {rF- rC++}
 11185 | D:10     | Entered Level 10 of the Dungeon
 11247 | D:10     | Received a gift from Nemelex Xobeh
 11395 | D:10     | Reached skill level 5 in Stealth
 11426 | D:10     | Identified the +3 flail of the Inferno {pain, Will+++ Int-5
                  | Dex+4}
 11449 | D:10     | Noticed a two-headed ogre
 11528 | D:10     | Killed a two-headed ogre
 11728 | D:10     | Noticed a two-headed ogre
 11736 | D:10     | Killed a two-headed ogre
 11737 | D:10     | Reached skill level 17 in Ranged Weapons
 11789 | D:10     | Noticed a boulder beetle
 11801 | D:10     | Killed a boulder beetle
 11802 | D:10     | Reached XP level 13. HP: 80/80 MP: 20/20
 11890 | D:10     | Noticed an ogre mage
 11894 | D:10     | Killed an ogre mage
 11913 | D:10     | Noticed Harold
 11922 | D:10     | Killed Harold
 11950 | D:10     | Received a gift from Nemelex Xobeh
 12053 | D:10     | Got the Papyrus of Damage
 12110 | D:10     | Reached skill level 10 in Dodging
 12110 | D:10     | Noticed a fire dragon
 12132 | D:10     | Killed a fire dragon
 12493 | D:10     | Noticed a frost giant
 12500 | D:10     | Noticed a rakshasa
 12505 | D:10     | Killed a frost giant
 12512 | D:10     | Killed a rakshasa
 12827 | D:10     | Identified the staff of Honour {rElec rPois rF+ rN+ Str+3
                  | Necro}
 12949 | D:11     | Received a gift from Nemelex Xobeh
 12961 | D:11     | Found a portal to a secret trove of treasure.
 13081 | D:11     | Reached skill level 18 in Ranged Weapons
 13386 | D:11     | Found a staircase to the Lair.
 13665 | D:11     | Found a staircase to the Orcish Mines.
 13671 | D:11     | Reached skill level 10 in Stealth
 13936 | D:11     | Reached skill level 10 in Fighting
 14107 | Lair:1   | Entered Level 1 of the Lair of Beasts
 14557 | Lair:1   | Reached XP level 14. HP: 75/88 MP: 22/22
 15038 | Lair:1   | Identified the +0 robe of Too Many Cooks {rElec}
 15686 | Lair:2   | Received a gift from Nemelex Xobeh
 15760 | Lair:2   | Reached ****** piety under Nemelex Xobeh
 15941 | Lair:2   | Found a staircase to the Shoals.
 16448 | Lair:3   | Received a gift from Nemelex Xobeh
 16640 | Lair:3   | Found a hole to the Spider Nest.
 17248 | Lair:3   | Found a runed translucent door.
 17250 | Lair:3   | Found a shimmering altar of Xom.
 17250 | Lair:3   | Noticed Pokonic1's ghost (journeyman OnBe)
 17651 | Lair:4   | Found a hide-covered altar of Uskayaw.
 17651 | Lair:4   | Found an ornate altar of the Wu Jian Council.
 17994 | Lair:4   | Received a gift from Nemelex Xobeh
 18859 | Lair:4   | Identified the +6 scale mail of Ethereal Contentment {rC+
                  | Int+3}
 18884 | Lair:4   | Received a gift from Nemelex Xobeh
 18970 | Lair:4   | Reached XP level 15. HP: 96/96 MP: 24/24
 19108 | Lair:4   | Found a transporter.
 19116 | Lair:4   | Found a transporter.
 19332 | Lair:5   | Entered Level 5 of the Lair of Beasts
 19747 | Lair:5   | Received a gift from Nemelex Xobeh
 20421 | Lair:5   | Found a staircase to the Slime Pits.
 20423 | Lair:5   | Found a viscous altar of Jiyva.
 20484 | Lair:5   | Identified the +2 hand axe of Pride {drain, rF+}
 21177 | Lair:5   | Received a gift from Nemelex Xobeh
 21951 | Orc:1    | Entered Level 1 of the Orcish Mines
 21951 | Orc:1    | Noticed an orc warlord
 21954 | Orc:1    | an orc warlord changed into a shock serpent
 22294 | Orc:1    | Reached XP level 16. HP: 105/105 MP: 26/26
 22560 | Orc:2    | Entered Level 2 of the Orcish Mines
 22618 | Orc:2    | Reached skill level 15 in Dodging
 22661 | Orc:2    | Found a staircase to the Elven Halls.
 22661 | Orc:2    | Received a gift from Nemelex Xobeh
 22759 | Orc:2    | Found a dark tunnel.
 22765 | Volcano  | Entered a volcano
 22908 | Volcano  | Reached skill level 15 in Invocations
 22914 | Volcano  | Found a burning altar of Makhleb.
 23396 | Orc:2    | Received a gift from Nemelex Xobeh
 23702 | Orc:2    | Identified the +1 trident of the Pariah {freeze, rPois
                  | Int+3}
 23804 | Orc:2    | Found Yzetyqoj's Antique Armour Shoppe.
 23804 | Orc:2    | Found Lusitiutz's Weapon Boutique.
 23806 | Orc:2    | Found Wiwayrua's Antique Weapon Shoppe.
 23806 | Orc:2    | Found Mean's Distillery.
 23813 | Orc:2    | Bought 2 potions of resistance for 260 gold pieces
 24511 | D:12     | Received a gift from Nemelex Xobeh
 24581 | D:12     | Noticed Rupert
 24591 | D:12     | Killed Rupert
 25166 | D:13     | Found a gate to the Vaults.
 25364 | D:13     | HP: 5/107 [burnt (11)]
 25367 | D:13     | HP: 1/107 [burnt (11)]
 25368 | D:13     | Killed from afar by a deep elf pyromancer

Illustrated notes

Levels and vault maps discovered:
D:1:      erik_arrival_cave_to_civilisation [erik_arrival_cave_to_hall],
          layout_basic
D:2:      layout_loops_ring, nicolae_ecumenical_pavilion
D:3:      layout_loops_corners, lemuel_crystal_altar, serial_shops, shop,
          uniq_natasha
D:4:      layout_cave_pools, chequers_temple_overflow_statue_of_worship,
          mainiacjoe_overflow_cross_hatched, grunt_temple_overflow_diamond,
          serial_glass, glass_columns_a, glass_columns_a,
          kennysheep_another_room, hangedman_glass_teeth
D:5:      layout_basic, nicolae_ru_the_path_less_chosen,
          minmay_temple_entry_glassed_door, cheibrodos_sewer_entry_bend,
          minmay_misc_feat_doors, uniq_pikel
D:6:      minmay_bubble_buster, layout_gridville, kennysheep_generic_room_9,
          uniq_crazy_yiuf_cottage
D:7:      layout_basic, serial_bayou_pond_c, kennysheep_nondescript,
          hangedman_abyss_or_decor_stabs, lemuel_flamethrower_2, uniq_maggie
D:8:      layout_cave_pools, mainiacjoe_overflow_catwalk,
          nicolae_ossuary_entry_catacombs, serial_co_window_serial,
          co_window_paths_a, co_window_corner_a, co_window_of_opportunity_a,
          co_window_corner_a, co_window_paths_a, co_window_cross_3,
          co_window_unsneaky_path_a, co_window_broadway_a, co_window_2corner,
          co_window_paths_c, co_window_of_opportunity_c, co_window_paths_d,
          hangedman_decor_clover_reticule, uniq_erica
D:9:      layout_roguey, tso_metal_star, gammafunk_temple_overflow_arena,
          lemuel_doored_altar, enter_bailey_5, uniq_joseph, uniq_maurice
D:10:     minmay_chopped_fan, layout_layer_cave, minmay_diced_spiral,
          uniq_harold
D:11:     layout_irregular_city, minmay_lair_entry_lava, zombieorc2_lemuel,
          nicolae_trove_entry_path_of_doom
D:12:     layout_irregular_city, uniq_rupert
D:13:     layout_basic, hellmonk_vaults_order_and_chaos, minmay_misc_feat_iff,
          billiards_dpeg
Lair:1:   layout_roguey, beast_lair_carwin_4, serial_bayou_shore_b,
          grunt_megastairs_2
Lair:2:   layout_gridlike, elwin_shoals_entry_rocks, wad_woods_river_01
Lair:3:   layout_roguey, hellmonk_spider_entry_not_the_bees, ebering_ghost_xom,
          special_room [special_room_bee]
Lair:4:   gammafunk_boulding_lane, layout_hall_layers,
          nzn_masters_of_martial_movement, grunt_megastairs_3,
          infiniplex_staircase_pool, lemuel_fruit_tree
Lair:5:   wormcave, layout_cave_pods, guppyfry_lair_end_dragon,
          minmay_slime_entry_jelly_boxes
Orc:1:    layout_caves
Orc:2:    grunt_orc_tribal_feast, layout_caves, nicolae_volcano_entry_batcave

Skill      XL: |  1  2  3  4  5  6  7  8  9 10 11 12 13 14 15 16 |
---------------+-------------------------------------------------+-----
Stealth        | 2 3 6 11 12 | 12.9
Ranged Weapons | 6 7 8 9 11 12 13 16 17 18 | 18.0
Invocations    | 1 3 5 9 10 11 13 14 15 | 15.5
Dodging        | 4 5 6 8 9 11 13 14 16 | 16.0
Fighting       | 4 5 7 8 9 10 12 13 14 | 14.9
Armour         | 1 2 4 |  4.0
Earth Magic    | 1 3 |  3.1
Alchemy        | 1 3 |  3.0

Action                     |  1- 3 |  4- 6 |  7- 9 | 10-12 | 13-15 | 16-18 || total
---------------------------+-------+-------+-------+-------+-------+-------++-------
  Melee: Whip              |       |       |       |     3 |       |       ||     3
         Arbalest          |       |       |       |       |       |     3 ||     3
   Fire: Shortbow          |    99 |    91 |   153 |       |       |       ||   343
         Orcbow            |       |       |    98 |   546 |    43 |       ||   687
         Arbalest          |       |       |       |       |   991 |   277 ||  1268
  Throw: Dart              |       |       |       |     5 |       |       ||     5
 Invoke: Draw Destruction  |       |     7 |    13 |    22 |    10 |     8 ||    60
         Draw Summoning    |       |     1 |     2 |     5 |     8 |     2 ||    18
         Triple Draw       |       |       |       |     1 |       |       ||     1
         Draw Escape       |       |       |       |       |     1 |       ||     1
  Evoke: Wand              |       |       |       |       |     1 |       ||     1
    Use: Scroll            |       |     3 |     9 |    21 |    13 |     2 ||    48
         Potion            |       |       |       |     9 |     6 |     3 ||    18
 Armour: Leather armour    |    22 |    18 |    50 |   135 |   319 |    55 ||   599
  Dodge: Dodged            |    34 |    19 |    69 |   313 |   987 |   135 ||  1557

Table legend: (Time is in decaauts)
 A = Elapsed time spent in this place.
 B = Non-inter-level travel time spent in this place.
 C = Inter-level travel time spent in this place.
 D = Time resting spent in this place.
 E = Time spent auto-exploring this place.
 F = Levels seen in this place.
 G = Mean time per level.
                   A        B        C        D        E       F      G
               +--------+--------+--------+--------+--------+-----+--------+
         Total |  25497 |  24007 |   1490 |   4585 |  12436 |  24 | 1062.4 |
       Dungeon |  14401 |  13458 |    943 |   2333 |   8174 |  13 | 1107.8 |
          Lair |   7907 |   7426 |    481 |   1663 |   3263 |   5 | 1581.4 |
  Orcish Mines |   1447 |   1381 |     66 |    143 |    569 |   2 |  723.5 |
         Sewer |    387 |    387 |      0 |     83 |    214 |   1 |  387.0 |
       Ossuary |    513 |    513 |      0 |    102 |    134 |   1 |  513.0 |
        Bailey |    507 |    507 |      0 |    181 |     24 |   1 |  507.0 |
       Volcano |    331 |    331 |      0 |     78 |     58 |   1 |  331.0 |
               +--------+--------+--------+--------+--------+-----+--------+

Top non-repeatable levels by time:
  Lair:5: 2330 daAuts
  Lair:4: 1919 daAuts
     D:8: 1741 daAuts
    D:11: 1509 daAuts
    D:10: 1410 daAuts
     D:5: 1401 daAuts
  Lair:2: 1261 daAuts
  Lair:3: 1256 daAuts
     D:9: 1228 daAuts
     D:6: 1183 daAuts
     D:3: 1148 daAuts
  Lair:1: 1140 daAuts
   Orc:2: 972 daAuts
    D:12: 932 daAuts
     D:4: 926 daAuts
